 Dungeon Crawl Stone Soup version 0.30-a0-393-g54b8e3be05 (webtiles) character file.

Game seed: 11645372032847284384

3089 lokiplouj the Cleaver (level 9, -1/82 HPs)
             Began as a Minotaur Berserker on Dec 5, 2022.
             Was a Priest of Trog.
             Slain by a killer bee (4 damage)
             ... on level 8 of the Dungeon.
             The game lasted 00:18:14 (6705 turns).

lokiplouj the Cleaver (Minotaur Berserker)          Turns: 6705, Time: 00:18:15

Health: -1/82      AC:  9    Str: 30    XL:     9   Next: 59%
Magic:  8/8        EV:  9    Int:  4    God:    Trog [***...]
Gold:   392        SH: 10    Dex: 12    Spells: 8/8 levels left

rFire   + . .      SeeInvis .    C - +2 hand axe (venom)
rCold   . . .      Faith    .    t - +0 tower shield
rNeg    . . .      Spirit   .    s - +3 ring mail {rF+}
rPois   .          Reflect  .    (helmet unavailable)
rElec   .          Harm     .    (no cloak)
rCorr   +          Rampage  .    (no gloves)
Will    ++...                    (no boots)
Stlth   +.........               (no amulet)
HPRegen 1.33/turn                k - +6 ring of strength
MPRegen 0.11/turn                i - ring of resist corrosion

@: lethally poisoned (-1 -> -13), about to teleport, strong-willed, on berserk
cooldown, regenerating, slowed, very slow
A: horns 3, retaliatory headbutt
a: Renounce Religion, Berserk, Trog's Hand


You were on level 8 of the Dungeon.
You worshipped Trog.
Trog was most pleased with you.
You visited 1 branch of the dungeon, and saw 8 of its levels.

You collected 392 gold pieces.

Inventory:

Hand Weapons
 a - a +0 hand axe
 C - a +2 hand axe of venom (weapon)
Armour
 b - a +0 animal skin
 e - a +0 ring mail
 s - a +3 ring mail of fire resistance (worn)
 t - a +0 tower shield (worn)
Jewellery
 i - a ring of resist corrosion (right hand)
 k - a +6 ring of strength (left hand)
 l - a ring of willpower
Wands
 o - a wand of paralysis (19)
 r - a wand of iceblast (9) (quivered)
 y - a wand of polymorph (7)
 A - a wand of flame (22)
Scrolls
 f - 4 scrolls of enchant weapon
 j - a scroll of immolation
 m - 2 scrolls of vulnerability
 n - 5 scrolls of amnesia
 p - a scroll of magic mapping
 q - 4 scrolls of teleportation
 w - a scroll of enchant armour
Potions
 c - 4 potions of degeneration
 g - 8 potions of curing
 h - 2 potions of haste
 u - a potion of heal wounds
 z - a potion of berserk rage
 B - a potion of ambrosia


   Skills:
 + Level 8.9 Fighting
 + Level 8.9 Axes
 + Level 8.4 Armour
 + Level 7.6 Dodging


You had 8 spell levels left.
You didn't know any spells.
Your spell library was empty.

Dungeon Overview and Level Annotations

Branches:
Dungeon (8/15)             Temple (0/1) D:5
   Lair: D:8-11

Altars:
Elyvilon
Fedhas
Makhleb
Nemelex Xobeh
Ru
Wu Jian
The Shining One

Shops:
D:3 ?


Innate Abilities, Weirdness & Mutations

You have a pair of large horns on your head.
You reflexively headbutt those who attack you in melee.


Message History

The killer bee stings you but does no damage.
The killer bee barely misses you. The killer bee stings you.
You are more poisoned.
The killer bee poisons you! You block the killer bee's attack.
The killer bee barely misses you. The killer bee stings you.
You are more poisoned.
The killer bee poisons you! You block the killer bee's attack. x2
The killer bee stings you! The killer bee stings you.
As you read the scroll of teleportation, it crumbles to dust.
You feel strangely unstable.
* * * LOW HITPOINT WARNING * * *
You feel extremely sick.
You kill the killer bee!
Trog accepts your kill.
You can now call in reinforcements.
The killer bee stings you.
* * * LOW HITPOINT WARNING * * *
You are more poisoned.
The killer bee poisons you! You block the killer bee's attack.
The killer bee barely misses you. x2; You furiously retaliate!
You headbutt the killer bee. The killer bee closely misses you.
A black bear comes into view.
The killer bee stings you but does no damage.
You block the killer bee's attack. The killer bee barely misses you.
You furiously retaliate!
You headbutt the killer bee.
Unknown command.
Unknown command.
Unknown command.
Your skin crawls.
You feel strong-willed.
You can no longer call in reinforcements.
* * * LOW HITPOINT WARNING * * *
You feel extremely sick.
The black bear growls angrily.
You hear an angry growl.
The killer bee stings you.
* * * LOW HITPOINT WARNING * * *
You block the killer bee's attack.
The killer bee stings you but does no damage.
The killer bee closely misses you. You block the killer bee's attack.
The killer bee stings you.
You die...

.. # .. #..## .h..
.h..## ... .## ##.....#
# #.# ...# #......#
####..# #...###......
.##..# #........# ....#
#..yy..# . ..))##
#.@y.###.. .#).)##
##........
#.....#########.........
#..<......##............
#.................###...
.................## ..
.........####...## .
......#..# #...#
....####..# ....#


You could see a black bear and 3 killer bees.

Vanquished Creatures
  The ghost of experimilk the Destroyer, an amateur DrCj of Vehumet (D:5)
  A wyvern (D:8)
  3 water moccasins
  Duvessa (D:4)
  3 ice beasts
  A sky beast (D:7)
  2 black bears (D:8)
  2 centaurs
  3 phantoms
  A bullfrog (D:7)
  A necrophage (D:5)
  A gnoll sergeant (D:6)
  3 scorpions
  Dowan (D:4)
  3 killer bees (D:8)
  A lava snake (D:7)
  4 jellies
  2 orc priests
  3 gnoll boudas
  2 hounds
  2 iguanas
  Terence (D:3)
  5 orc wizards
  10 adders
  10 gnolls
  A shadow imp (D:5)
  A white imp (D:6)
  2 ufetubi (D:5)
  3 worms
  9 dart slugs
  10 orcs
  5 ball pythons
  2 bats
  9 endoplasms
  4 giant cockroaches
  10 goblins
  2 hobgoblins (D:2)
  3 kobolds
  5 quokkas
  2 frilled lizards (D:2)
  2 rats (D:3)
137 creatures vanquished.

Vanquished Creatures (others)
  39 fungi (D:8)
  46 plants
85 creatures vanquished.

Grand Total: 222 creatures vanquished

Notes
Turn   | Place    | Note
-------+----------+-------------------------------------------
     0 | D:1      | lokiplouj the Minotaur Berserker began the quest for the
                  | Orb.
     0 | D:1      | Reached XP level 1. HP: 19/19 MP: 0/0
   224 | D:1      | Reached XP level 2. HP: 26/27 MP: 1/1
   594 | D:2      | Reached XP level 3. HP: 21/33 MP: 2/2
   596 | D:2      | Reached ** piety under Trog
   709 | D:2      | Found an ornate altar of the Wu Jian Council.
   934 | D:2      | Reached XP level 4. HP: 31/40 MP: 3/3
  1163 | D:2      | Found a faded altar of an unknown god.
  1370 | D:3      | Reached XP level 5. HP: 46/47 MP: 4/4
  1421 | D:3      | Found Nyleot's Magic Scroll Shoppe.
  1654 | D:3      | Noticed Terence
  1662 | D:3      | Killed Terence
  1864 | D:3      | Reached skill level 5 in Fighting
  1864 | D:3      | Reached skill level 5 in Axes
  2350 | D:4      | Noticed Duvessa
  2350 | D:4      | Noticed Dowan
  2361 | D:4      | Killed Duvessa
  2362 | D:4      | Reached XP level 6. HP: 56/56 MP: 5/5
  2363 | D:4      | Killed Dowan
  2443 | D:4      | Found a sacrificial altar of Ru.
  2517 | D:4      | Reached *** piety under Trog
  2841 | D:4      | Found a glowing golden altar of the Shining One.
  3064 | D:5      | Entered Level 5 of the Dungeon
  3081 | D:5      | Noticed a water moccasin
  3091 | D:5      | Killed a water moccasin
  3092 | D:5      | Reached skill level 5 in Armour
  3092 | D:5      | Reached XP level 7. HP: 53/62 MP: 6/6
  3104 | D:5      | Gained mutation: You have a pair of large horns on your
                  | head. [potion of mutation]
  3217 | D:5      | Found a staircase to the Ecumenical Temple.
  3387 | D:5      | Reached skill level 5 in Dodging
  3530 | D:5      | Found a sparkling altar of Nemelex Xobeh.
  3672 | D:5      | Reached XP level 8. HP: 53/71 MP: 7/7
  3942 | D:5      | Found a burning altar of Makhleb.
  4041 | D:5      | Found a runed translucent door.
  4043 | D:5      | Noticed experimilk's ghost (amateur DrCj)
  4194 | D:5      | Killed experimilk's ghost
  4888 | D:6      | Reached **** piety under Trog
  5497 | D:7      | Reached XP level 9. HP: 47/81 MP: 8/8
  5791 | D:7      | Found a white marble altar of Elyvilon.
  6268 | D:7      | Found a blossoming altar of Fedhas.
  6705 | D:8      | HP: 3/82 [killer bee (4)]
  6705 | D:8      | Slain by a killer bee

Illustrated notes

Levels and vault maps discovered:
D:1:      zaba_arrival_water, layout_basic
D:2:      layout_rooms, hellmonk_ecumenical_altar_lost_god, basic_altar,
          serial_curves, eino_curves_02, eino_curves_03, eino_curves_03,
          eino_curves_04
D:3:      layout_loops_ring, serial_shops, shop, gup_sewer_entry_bowl,
          hangedman_glass_teeth, minivault_23, grunt_ministairs_6,
          nicolae_grassy_gnolls, uniq_terence
D:4:      layout_loops_ring, nicolae_ru_great_annihilating_truth,
          kennysheep_mini, uniq_duvessa
D:5:      layout_loops_ring, makhleb_heckhound_becter,
          mainiacjoe_overflow_concentric_impassable,
          minmay_temple_entry_junction_2, ebering_ghost_inner_flame,
          minmay_misc_feat_plants, kennysheep_another_room
D:6:      layout_gridville, minmay_fractal_squares_5
D:7:      layout_gridville, fedhas_altar_4, mainiacjoe_overflow_alcove_2,
          enter_bailey_3, kennysheep_crisscross
D:8:      layout_layer_cave, nicolae_gozag_zags_fifth_avenue,
          kennysheep_mini_moat, gammafunk_temple_overflow_claw,
          due_lair_maze_entry_diamond

Skill      XL: |  1  2  3  4  5  6  7  8  9 |
---------------+----------------------------+-----
Fighting       | 4 5 6 8 |  8.9
Axes           | 4 5 6 8 |  8.9
Armour         | 3 4 5 6 7 8 |  8.4
Dodging        | 3 4 5 6 7 |  7.6

Action                   |  1- 3 |  4- 6 |  7- 9 || total
-------------------------+-------+-------+-------++-------
Melee: Hand axe          |    53 |   118 |   245 ||   416
       Headbutt          |     8 |    22 |    37 ||    67
       Punch             |       |     2 |     2 ||     4
Invok: Berserk           |       |     2 |     5 ||     7
       Trog's Hand       |       |       |     5 ||     5
Evoke: Wand              |       |       |     1 ||     1
  Use: Scroll            |       |     3 |    14 ||    17
       Potion            |       |       |     6 ||     6
 Stab: Paralysed         |       |     2 |       ||     2
Armor: Animal skin       |     7 |     1 |       ||     8
       Ring mail         |       |    22 |    99 ||   121
Dodge: Dodged            |    25 |    57 |   128 ||   210
Block: Tower shield      |       |       |    72 ||    72

Table legend: (Time is in decaauts)
 A = Elapsed time spent in this place.
 B = Non-inter-level travel time spent in this place.
 C = Inter-level travel time spent in this place.
 D = Time resting spent in this place.
 E = Time spent auto-exploring this place.
 F = Levels seen in this place.
 G = Mean time per level.
                   A        B        C        D        E       F      G
               +--------+--------+--------+--------+--------+-----+--------+
         Total |   6797 |   6533 |    264 |    586 |   4967 |   8 |  849.6 |
       Dungeon |   6797 |   6533 |    264 |    586 |   4967 |   8 |  849.6 |
               +--------+--------+--------+--------+--------+-----+--------+

Top non-repeatable levels by time:
     D:7: 1337 daAuts
     D:5: 1301 daAuts
     D:3: 1033 daAuts
     D:6: 963 daAuts
     D:2: 830 daAuts
     D:4: 722 daAuts
     D:1: 513 daAuts
     D:8: 96 daAuts
